 Dungeon Crawl Stone Soup version 0.28-a0-1130-gc51a68064b (webtiles) character file.

Game seed: 6534320094065552759

79 derath95 the Digger (level 4, -6/24 HPs)
             Began as a Gargoyle Earth Elementalist on Dec 12, 2021.
             Mangled by Natasha (7 damage)
             ... on level 2 of the Dungeon.
             The game lasted 00:08:16 (2243 turns).

derath95 the Digger (Gargoyle Earth Elementalist)   Turns: 2243, Time: 00:08:17

Health: -6/24      AC:  5    Str: 12    XL:     4   Next: 38%
Magic:  5/8        EV: 11    Int: 17    God:
Gold:   67         SH:  0    Dex: 10    Spells: 8/9 levels left

rFire   . . .      SeeInvis .     - Unarmed
rCold   . . .      Faith    .   (no shield)
rNeg    + . .      Spirit   .   b - +0 robe
rPois   ∞          Reflect  .   (no helmet)
rElec   +          Harm     .   (no cloak)
rCorr   .          Rampage  .   (no gloves)
Will    .....                   (no boots)
Stlth   ++........              (no amulet)
HPRegen 0.08/turn               (no ring)
MPRegen 0.11/turn               (no ring)

@: no status effects
A: sickness immunity, AC +3, negative energy resistance 1, electricity
resistance, torment resistance 1, petrification resistance
a: no special abilities


You were on level 2 of the Dungeon.
You visited 1 branch of the dungeon, and saw 4 of its levels.

You collected 67 gold pieces.

Inventory:

Missiles
 c - 20 stones
Armour
 b - a +0 robe (worn)
Jewellery
 g - a ring of protection from cold
Scrolls
 d - 5 scrolls of identify {unknown}
 f - a scroll of enchant weapon {unknown}
 h - 3 scrolls of amnesia {unknown}
 i - a scroll of blinking {unknown}
Potions
 a - a potion of curing {unknown}
 e - a potion of cancellation {unknown}


   Skills:
 - Level 1.5 Dodging
 - Level 2.1 Stealth
 + Level 1.2 Unarmed Combat
 + Level 3.2 Spellcasting
 - Level 0.7 Transmutations
 + Level 4.6 Earth Magic


You had 8 spell levels left.
You knew the following spells:

 Your Spells              Type           Power      Damage    Failure   Level
a - Sandblast             Erth           36%        2d10      2%          1

Your spell library contained the following spells:

 Spells                   Type           Power      Damage    Failure   Level
 Passwall                 Tmut/Erth      9%         N/A       9%          2
 Stone Arrow              Conj/Erth      20%        3d8       21%         3
 Petrify                  Tmut/Erth      11%        N/A       50%         4
 Summon Ice Beast         Ice/Summ       2%         N/A       86%         4
 Summon Mana Viper        Hex/Summ       2%         N/A       99%         5
 Monstrous Menagerie      Summ           1%         N/A       100%        7


Dungeon Overview and Level Annotations

Branches:
Dungeon (4/15)
 Temple: D:4-7

Altars:

Annotations:
D:2 Natasha


Innate Abilities, Weirdness & Mutations

You are immune to sickness and miasma.
Your stone body is resilient. (AC +3)
You are immune to poison.
You resist negative energy. (rN+)
You are resistant to electric shocks. (rElec)
You are resistant to unholy torment.
You are immune to petrification.


Message History

The shadow imp disappears in a puff of smoke!
Your Spellcasting skill increases to level 3!
You have reached level 4!
You feel stronger.
You see here the felid corpse of Natasha.
You now have 67 gold pieces (gained 8).
Found an escape hatch in the floor.
Natasha, Servant of Life and Death comes into view.
Natasha hisses angrily.
Natasha drinks a potion.
Natasha flickers and vanishes!
Deactivating autopickup; reactivate with Ctrl-A.
Casting: Sandblast (safe; 2% risk of failure)
Confirm with . or Enter, or press ? or * to list all spells.
You can't see any susceptible monsters within range! (Use Z to cast anyway.)
Casting: Sandblast (safe; 2% risk of failure)
Confirm with . or Enter, or press ? or * to list all spells.
Aiming: Sandblast (safe; 2% risk of failure)
Press: ? - help, Shift-Dir - straight line Out of range.
Okay, then.
Something claws you!
Casting: Sandblast (safe; 2% risk of failure)
Confirm with . or Enter, or press ? or * to list all spells.
Aiming: Sandblast (safe; 2% risk of failure)
Press: ? - help, Shift-Dir - straight line Something claws you.
Casting: Sandblast (safe; 2% risk of failure)
Confirm with . or Enter, or press ? or * to list all spells.
Aiming: Sandblast (safe; 2% risk of failure)
Press: ? - help, Shift-Dir - straight line Something claws you.
* * * LOW HITPOINT WARNING * * *
You barely miss something. Something claws you.
* * * LOW HITPOINT WARNING * * *
Casting: Sandblast (safe; 2% risk of failure)
Confirm with . or Enter, or press ? or * to list all spells.
Aiming: Sandblast (safe; 2% risk of failure)
Press: ? - help, Shift-Dir - straight line The blast of sand hits something!
Something claws you!
You die...

..††.............>......#
#.####....#.#...........# #.#
######.#...........# #.#
#.#...........# ####### ..#
##.#...........# #...... ###
........###..### #.#####
..............# ##..# #.# ...K.
........# #..####.# ....
.......@# ##....†.##### ...
........# #..##....... ..
........# ##.##.###### ###.
........# #..#.##### ...#
......... #..#.#...#
##.####################....#.#.#
....#...).............#....#.#.#
....#.###############.#....#.#.#
....#.#.....#.......#.#....#.#.#


There were no monsters in sight!

Vanquished Creatures
  Natasha (D:2)
  An adder (D:2)
  4 ball pythons (D:1)
  A bat (D:1)
  3 endoplasms
  A giant cockroach (D:2)
  4 goblins
  A hobgoblin (D:1)
  11 jackals
  3 frilled lizards
  4 kobolds
  5 rats
39 creatures vanquished.

Vanquished Creatures (others)
  2 withered plants (D:1)
2 creatures vanquished.

Grand Total: 41 creatures vanquished

Notes
Turn   | Place    | Note
-------+----------+-------------------------------------------
     0 | D:1      | derath95 the Gargoyle Earth Elementalist began the quest
                  | for the Orb.
     0 | D:1      | Reached XP level 1. HP: 10/10 MP: 3/3
   135 | D:1      | Found a faded altar of an unknown god.
   496 | D:1      | Reached skill level 4 in Earth Magic
   499 | D:1      | Reached XP level 2. HP: 15/15 MP: 0/5
  1146 | D:2      | Reached XP level 3. HP: 19/19 MP: 4/6
  1580 | D:2      | Reached skill level 1 in Unarmed Combat
  1788 | D:2      | You fall into a shaft and drop 2 floors!
  2126 | D:2      | Noticed Natasha
  2130 | D:2      | Killed Natasha
  2131 | D:2      | Reached XP level 4. HP: 24/24 MP: 5/8
  2235 | D:2      | Noticed Natasha
  2242 | D:2      | HP: 1/24 [something (6)]
  2243 | D:2      | Mangled by Natasha

Illustrated notes

Levels and vault maps discovered:
D:1:      co_arrival_random_square_maze, layout_rooms,
          ebering_ecumenical_altar_petrified, minmay_surrounded
D:2:      layout_basic, uniq_natasha
D:3:      layout_loops_ring, grunt_gozag_statues,
          nicolae_overflow_hidden_temple, ebering_dispersal_statue_hall
D:4:      layout_basic, grunt_decor_arrowhead, uniq_crazy_yiuf_cottage

Skill      XL: |  1  2  3 |
---------------+----------+-----
Earth Magic    | 4 |  4.6
Unarmed Combat | 1 |  1.2
Spellcasting   | 3 |  3.2
Dodging        | |  1.5
Stealth        | |  2.1
Transmutations | |  0.7

Action                   |  1- 3 |  4- 6 || total
-------------------------+-------+-------++-------
Melee: Unarmed           |    84 |     1 ||    85
 Cast: Sandblast         |    45 |     3 ||    48
 Stab: Sleeping          |     2 |       ||     2
Armor: Robe              |    29 |       ||    29
Dodge: Dodged            |    57 |       ||    57

Table legend: (Time is in decaauts)
 A = Elapsed time spent in this place.
 B = Non-inter-level travel time spent in this place.
 C = Inter-level travel time spent in this place.
 D = Time resting spent in this place.
 E = Time spent auto-exploring this place.
 F = Levels seen in this place.
 G = Mean time per level.
                   A        B        C        D        E       F      G
               +--------+--------+--------+--------+--------+-----+--------+
         Total |   2242 |   2242 |      0 |     96 |   1559 |   4 |  560.5 |
       Dungeon |   2242 |   2242 |      0 |     96 |   1559 |   4 |  560.5 |
               +--------+--------+--------+--------+--------+-----+--------+

Top non-repeatable levels by time:
     D:1: 1140 daAuts
     D:2: 1017 daAuts
     D:4: 74 daAuts
     D:3: 8 daAuts
